 Dungeon Crawl Stone Soup version 0.24.1-4-ge52af88ad5 (console) character file.

Game seed: 1761031051131267949, levelgen mode: deterministic

141 Cab the Grave Robber (level 5, 0/35 HPs)
             Began as a Mummy Necromancer on Apr 12, 2020.
             Slain by Ijyb
             ... wielding a +0 club
              (2 damage)
             ... on level 3 of the Dungeon.
             The game lasted 00:11:21 (2168 turns).

Cab the Grave Robber (Mummy Necromancer)            Turns: 2168, Time: 00:11:22

Health: 0/35       AC:  2    Str: 11    XL:     5   Next: 3%
Magic:  1/10       EV: 12    Int: 15    God:
Gold:   13         SH:  0    Dex: 13    Spells: 3/11 levels left

rFire    . . .     SeeInvis .   i - +2 quarterstaff (chaos)
rCold    + + .     Gourm    .   (shield currently unavailable)
rNeg     + + +     Faith    .   a - +0 robe
rPois    ∞         Spirit   .   (no helmet)
rElec    .         Reflect  .   g - scarf {rC+ rF+}
rCorr    .         Harm     .   (no gloves)
MR       .....                  (no boots)
Stlth    ++........             (no amulet)
HPRegen  0.11/turn              (no ring)
MPRegen  0.12/turn              (no ring)

@: no status effects
A: no food or potions, fire vulnerability, cold resistance 1, negative energy
resistance 3, torment resistance, unbreathing
a: no special abilities


You were on level 3 of the Dungeon.
You were not hungry.

You visited 1 branch of the dungeon, and saw 3 of its levels.

You collected 13 gold pieces.

Inventory:

Hand Weapons
 i - a +2 quarterstaff of chaos (weapon)
Armour
 a - a +0 robe (worn)
 b - a +0 cloak
 g - a scarf of resistance (worn)
Scrolls
 c - 4 scrolls of teleportation {unknown}
 d - a scroll of enchant weapon {unknown}
 e - 5 scrolls of identify {unknown}
 f - a scroll of magic mapping {unknown}
 h - a scroll of fear {unknown}


   Skills:
 - Level 1.5 Dodging
 - Level 1.5 Stealth
 + Level 3.8 Spellcasting
 * Level 5.9 Necromancy


You had 3 spell levels left.
You knew the following spells:

 Your Spells              Type           Power        Failure   Level  Hunger
a - Pain                  Necr           ###.         1%          1    N/A
b - Vampiric Draining     Necr           ###.......   4%          3    N/A
c - Animate Dead          Necr           N/A          16%         4    N/A

Your spell library contained the following spells:

 Spells                   Type           Power        Failure   Level  Hunger
 Animate Skeleton         Necr           N/A          1%          1    N/A
 Regeneration             Chrm/Necr      Unusable     N/A         3    N/A

Dungeon Overview and Level Annotations

Branches:
Dungeon (3/15)

Altars:
The Shining One

Annotations:
D:2 Sigmund
D:3 Ijyb


Innate Abilities, Weirdness & Mutations

You do not eat or drink.
Your flesh is vulnerable to fire.
You are immune to poison.
Your flesh is cold resistant. (rC+)
You are immune to negative energy. (rN+++)
You are immune to unholy pain and torment.
You can survive without breathing.


Message History

Ijyb is severely wounded.
You feel life coursing into your body.
Ijyb zaps a wand.
You are blasted!
Ouch! That really hurt!
* * * LOW HITPOINT WARNING * * *
Casting: Vampiric Draining (safe; 4% risk of failure)
Confirm with . or Enter, or press ? or * to list all spells.
Aiming: Pain (safe; 1% risk of failure)
Press: ? - help, Shift-Dir - straight line, f/p - Ijyb
Aim: Ijyb, wielding a +0 club, wearing a +1 ring mail of magic resistance and carrying a wand of disintegration (18) (severely wounded, chance to defeat MR: 56%)
Okay, then.
Casting: Pain (safe; 1% risk of failure)
Confirm with . or Enter, or press ? or * to list all spells.
You don't have enough magic to cast that spell.
Casting: Pain (safe; 1% risk of failure)
Confirm with . or Enter, or press ? or * to list all spells.
Aiming: Pain (safe; 1% risk of failure)
Press: ? - help, Shift-Dir - straight line, f/p - Ijyb
Aim: Ijyb, wielding a +0 club, wearing a +1 ring mail of magic resistance and carrying a wand of disintegration (18) (severely wounded, chance to defeat MR: 56%) Ijyb writhes in agony.
Ijyb hits you with a +0 club.
You die...

▒▒▒ ▒∙∙
▒▒▒▒▒ ▒∙▒ ∙▒
▒∙∙)▒
▒▒∙▒▒▒▒▒∙∙▒
▒∙∙∙▒
▒%∙∙∙∙∙∙∙∙∙
▒∙∙∙▒
▒∙∙@g∙∙∙∙>∙
▒▒[▒▒
▒∙▒∙▒▒▒▒∙∙∙
▒▒∙▒
▒∙▒∙∙∙∙∙∙∙∙
▒∙▒▒
▒∙∙∙∙▒▒▒∙∙∙
▒▒∙▒ ▒<▒▒∙▒
▒∙▒▒ ▒∙▒▒∙▒
▒▒∙▒▒
▒∙▒▒∙▒▒ ∙∙▒
▒∙ ▒∙∙∙▒▒
▒∙▒∙∙∙▒▒∙^∙
▒∙ ▒∙∙∙∙▒
▒∙∙∙∙∙∙∙∙∙▒∙
▒ ▒▒∙


You could see Ijyb.

Vanquished Creatures
  An orc wizard (D:3)
  Crazy Yiuf (D:3)
  2 oozes (D:2)
  2 dart slugs
  A leopard gecko (D:2)
  6 orcs (D:3)
  3 giant cockroaches
  11 goblins
  5 hobgoblins
  8 kobolds
  3 quokkas
  2 ball pythons
  6 bats
  3 frilled lizards (D:1)
  8 rats
62 creatures vanquished.

Notes
Turn   | Place    | Note
-------+----------+-------------------------------------------
     0 | D:1      | Cab the Mummy Necromancer began the quest for the Orb.
     0 | D:1      | Reached XP level 1. HP: 13/13 MP: 4/4
   145 | D:1      | Reached XP level 2. HP: 17/19 MP: 0/5
   804 | D:2      | Found a glowing golden altar of the Shining One.
   982 | D:2      | Reached skill level 5 in Necromancy
   998 | D:2      | Reached XP level 3. HP: 23/24 MP: 4/7
  1003 | D:2      | Learned a level 3 spell: Vampiric Draining
  1523 | D:2      | Noticed Sigmund
  1587 | D:3      | Reached XP level 4. HP: 30/30 MP: 2/8
  1770 | D:3      | Learned a level 4 spell: Animate Dead
  2044 | D:3      | Found a runed translucent door.
  2045 | D:3      | Noticed Crazy Yiuf
  2052 | D:3      | Killed Crazy Yiuf
  2052 | D:3      | Reached XP level 5. HP: 22/35 MP: 1/10
  2159 | D:3      | Noticed Ijyb
  2168 | D:3      | Slain by Ijyb

Levels and vault maps discovered:
D:1:      elethiomel_arrival_shortcut, layout_loops_ring, minmay_heptomino_h4
D:2:      layout_loops_ring, lemuel_round_altar, first_ration, uniq_sigmund
D:3:      layout_loops_ring, led_sif_pool, cheibriados_altar_1,
          uniq_crazy_yiuf_cottage, uniq_ijyb, uniq_robin

Skill      XL: |  1  2  3 |
---------------+----------+-----
Necromancy     | 5 |  5.9
Spellcasting   | 3 |  3.8
Dodging        | |  1.5
Stealth        | |  1.5

Action                   |  1- 3 |  4- 6 || total
-------------------------+-------+-------++-------
Melee: Unarmed           |    36 |    23 ||    59
 Cast: Pain              |    79 |    32 ||   111
       Vampiric Draining |       |     5 ||     5
Armor: Robe              |    12 |     5 ||    17
Dodge: Dodged            |    51 |    20 ||    71
